 Dungeon Crawl Stone Soup version 0.28-a0-793-g31680bbd8b (webtiles) character file.

Game seed: 4427254888496068577

107 kae the Caller (level 4, -2/22 HPs)
             Began as a Vine Stalker Summoner on Nov 3, 2021.
             Slain by an orc (5 damage)
             ... on level 3 of the Dungeon.
             The game lasted 00:04:36 (3044 turns).

kae the Caller (Vine Stalker Summoner)              Turns: 3044, Time: 00:04:36

Health: -2/22      AC:  2    Str: 11    XL:     4   Next: 86%
Magic:  0/9        EV: 12    Int: 16    God:
Gold:   67         SH:  0    Dex: 14    Spells: 2/8 levels left

rFire   . . .      SeeInvis .   i - +2 falchion (flame)
rCold   . . .      Faith    .   (no shield)
rNeg    . . .      Spirit   +   a - +0 robe
rPois   +          Reflect  .   (no helmet)
rElec   .          Harm     .   (no cloak)
rCorr   .          Rampage  .   (no gloves)
Will    .....                   (no boots)
Stlth   ++........              (no amulet)
HPRegen 1.07/turn               m - ring of poison resistance
MPRegen 0.11/turn               n - ring of flight

@: flying
A: fangs 2, regeneration 1, magic shield, antimagic bite, no potion heal 2
a: no special abilities


You were on level 3 of the Dungeon.
You visited 1 branch of the dungeon, and saw 3 of its levels.

You collected 67 gold pieces.

Inventory:

Hand Weapons
 b - a +0 short sword
 f - a +2 antimagic dagger
 i - a +2 falchion of flaming (weapon)
Armour
 a - a +0 robe (worn)
Jewellery
 m - a ring of poison resistance (left hand)
 n - a ring of flight (right hand)
Scrolls
 c - a scroll of enchant weapon {unknown}
 d - a scroll of enchant armour {unknown}
 e - a scroll of teleportation {unknown}
 j - a scroll of fear {unknown}
 o - a scroll of blinking {unknown}
Potions
 g - 2 potions of curing
 h - a potion of magic {unknown}
 k - a potion of berserk rage {unknown}
 l - a potion of flight {unknown}
 p - a potion of mutation {unknown}


   Skills:
 + Level 1.2 Fighting
 + Level 2.0 Dodging
 + Level 3.6 Stealth
 + Level 2.8 Spellcasting
 * Level 4.7 Summonings


You had 2 spell levels left.
You knew the following spells:

 Your Spells              Type           Power      Damage    Failure   Level
a - Summon Small Mammal   Summ           68%        N/A       2%          1
b - Call Imp              Summ           17%        N/A       4%          2
c - Call Canine Familiar  Summ           17%        N/A       9%          3

Your spell library contained the following spells:

 Spells                   Type           Power      Damage    Failure   Level
 Summon Guardian Golem    Hex/Summ       9%         N/A       22%         3
 Summon Lightning Spire   Summ/Air       9%         N/A       58%         4


Dungeon Overview and Level Annotations

Branches:
Dungeon (3/15)

Altars:
Gozag

Shops:
D:1 (?::


Innate Abilities, Weirdness & Mutations

You have extremely sharp teeth.
Your natural rate of healing is unusually fast.
When hurt, damage is shared between your health and your magic reserves.
Your bite disrupts and absorbs the magic of your enemies.
Potions cannot restore your health.


Message History

[Y]es or [N]o only, please.
The spell is quite dangerous to cast (9% risk of failure)!
Continue anyway?
An orc comes into view. It is wielding a +0 hand axe.
Casting: Call Canine Familiar (quite dangerous; 9% risk of failure)
Confirm with . or Enter, or press ? or * to list all spells.
A beastly little devil appears in a puff of flame.
The orc priest calls down the wrath of Beogh upon you.
Beogh smites you!
Your hound closely misses the orc priest.
Your hound completely misses the orc priest.
You completely miss the orc priest.
The orc priest is lightly wounded.
Your hound bites the orc priest.
The orc priest closely misses you.
Your crimson imp hits the orc priest but does no damage.
Your hound bites the orc priest but does no damage.
You hit the orc priest. You burn the orc priest.
The orc priest is heavily wounded.
The orc priest invokes the aid of Beogh against you.
Beogh smites you!
Ouch! That really hurt!
* * * LOW HITPOINT WARNING * * *
Your hound bites the orc priest but does no damage.
Your crimson imp closely misses the orc priest.
The orc priest barely misses you.
Your hound bites the orc priest but does no damage.
You hit the orc priest but do no damage.
The orc priest is heavily wounded.
Your crimson imp hits the orc priest but does no damage.
Your hound bites the orc priest but does no damage.
The orc priest barely misses your crimson imp.
The orc barely misses you.
Your crimson imp blinks!
Your hound closely misses the orc priest.
You hit the orc priest. You burn the orc priest.
The orc priest is severely wounded.
Your hound closely misses the orc priest.
The orc priest hits you with a +0 flail.
* * * LOW HITPOINT WARNING * * *
The orc hits you with a +0 hand axe.
You die...

# #.....# #....
###.....##..... ## #
.............. .##
#.##...........# ..####
###.#.............
#....##...................
####....####....(.†.......
##.........$.............
##..###.........@.........
#.......####...oo.........
..####### #...[.h†.......
### ##.............
#############...........#
##..........###.##########
#...[..........5#
..............###
.....†........#


You could see an orc priest (ally target), an orc, a friendly hound (summoned)
and a friendly crimson imp (summoned).

Vanquished Creatures
  An adder (D:3)
  4 bats
  4 endoplasms
  A giant cockroach (D:2)
  7 goblins
  5 hobgoblins
  3 jackals (D:1)
  4 kobolds
  4 quokkas
  3 ball pythons (D:1)
  2 frilled lizards
  3 rats
41 creatures vanquished.

Vanquished Creatures (collateral kills)
  Terence (D:2)
  An adder (D:3)
  3 orcs (D:3)
  An endoplasm (D:1)
  A hobgoblin (D:1)
  A jackal (D:1)
  3 ball pythons (D:1)
  A bat (D:1)
  A goblin (D:1)
13 creatures vanquished.

Grand Total: 54 creatures vanquished

Notes
Turn   | Place    | Note
-------+----------+-------------------------------------------
     0 | D:1      | kae the Vine Stalker Summoner began the quest for the Orb.
     0 | D:1      | Reached XP level 1. HP: 9/9 MP: 4/4
    21 | D:1      | Found Lyloczih's Antique Weapon Boutique.
   411 | D:1      | Reached XP level 2. HP: 4/13 MP: 3/6
   654 | D:1      | Found Baaw's Magic Scroll Boutique.
   864 | D:1      | Found Tylusas's Book Emporium.
  1196 | D:1      | Reached XP level 3. HP: 14/17 MP: 7/7
  1554 | D:1      | Found Winn's Book Shoppe.
  1825 | D:1      | You fall into a shaft and drop 1 floor!
  1837 | D:2      | Noticed Terence
  1842 | D:2      | Learned a level 2 spell: Call Imp
  1846 | D:2      | Learned a level 3 spell: Call Canine Familiar
  1857 | D:2      | Killed Terence
  1858 | D:2      | Reached skill level 1 in Fighting
  1858 | D:2      | Gained mutation: Your natural rate of healing is unusually
                  | fast. [Vine Stalker growth]
  1858 | D:2      | Reached XP level 4. HP: 22/22 MP: 1/9
  2387 | D:2      | Found a faded altar of an unknown god.
  2397 | D:2      | Found an opulent altar of Gozag.
  2745 | D:3      | Noticed a +0 short sword
  2745 | D:3      | Noticed a +0 falchion
  3044 | D:3      | Slain by an orc

Illustrated notes

Levels and vault maps discovered:
D:1:      saegor_arrival_miasma, layout_loops_ring, serial_shops,
          nicolae_diamond_shop, shop, nicolae_shop_competitors_out_of_business,
          shop
D:2:      layout_loops_ring, serial_rivers, chequers_serial_rivers_room_a,
          chequers_serial_rivers_small_a, chequers_serial_rivers_micro_e,
          chequers_serial_rivers_micro_b, basic_altar,
          hellmonk_ecumenical_altar_run_dry, uniq_terence
D:3:      layout_rooms, nicolae_uskayaw_en_pointe, minivault_19

Skill      XL: |  1  2  3  4 |
---------------+-------------+-----
Stealth        | 3 |  3.6
Fighting       | 1 |  1.2
Dodging        | 2 |  2.0
Spellcasting   | |  2.8
Summonings     | |  4.7

Action                   |  1- 3 |  4- 6 || total
-------------------------+-------+-------++-------
Melee: Unarmed           |    32 |       ||    32
       Bite              |    17 |     4 ||    21
       Short sword       |    60 |       ||    60
       Falchion          |       |    41 ||    41
 Cast: Summon Small Mamm |    19 |     3 ||    22
       Call Imp          |     1 |     3 ||     4
       Call Canine Famil |     1 |     2 ||     3
  Use: Potion            |       |     1 ||     1
 Stab: Sleeping          |     2 |     3 ||     5
Armor: Robe              |    29 |     6 ||    35
Dodge: Dodged            |   100 |    26 ||   126

Table legend: (Time is in decaauts)
 A = Elapsed time spent in this place.
 B = Non-inter-level travel time spent in this place.
 C = Inter-level travel time spent in this place.
 D = Time resting spent in this place.
 E = Time spent auto-exploring this place.
 F = Levels seen in this place.
 G = Mean time per level.
                   A        B        C        D        E       F      G
               +--------+--------+--------+--------+--------+-----+--------+
         Total |   3061 |   3014 |     47 |    930 |   1553 |   3 | 1020.3 |
       Dungeon |   3061 |   3014 |     47 |    930 |   1553 |   3 | 1020.3 |
               +--------+--------+--------+--------+--------+-----+--------+

Top non-repeatable levels by time:
     D:1: 1830 daAuts
     D:2: 911 daAuts
     D:3: 319 daAuts
